 Dungeon Crawl Stone Soup version 0.18-a0-19-g8b99b3a (webtiles) character file.

5 4thArraOfDagon the Vexing (level 1, -3/13 HPs)
             Began as a Merfolk Wanderer on Nov 1, 2015.
             Killed from afar by Sigmund (8 damage)
             ... with a magic dart
             ... on level 3 of the Dungeon.
             The game lasted 00:01:10 (154 turns).

4thArraOfDagon the Vexing (Merfolk Wanderer)         Turns: 154, Time: 00:01:10

Health: -3/13      AC:  3    Str: 10    XL:     1   Next: 80%
Magic:  2/2        EV: 17    Int: 15    God:
Gold:   39         SH:  0    Dex: 16    Spells: 1 memorised, 1 level left

rFire  . . .     SeeInvis .     e - +0 dagger
rCold  . . .     Clarity  .     d - +0 robe
rNeg   . . .     SustAt   .     (no shield)
rPois  .         Gourm    .     (no helmet)
rElec  .         Spirit   .     l - +0 cloak (curse)
rCorr  .         Warding  .     (no gloves)
rMut   .         Stasis   .     (no boots)
MR     .....                    (no amulet)
Stlth  ++........               (no ring)
                                m - ring of wizardry

@: agile, flying, not resistant to hostile enchantments, unstealthy
A: change form in water, swift swim
a: no special abilities


You were on level 3 of the Dungeon.
You were not hungry.

You visited 1 branch of the dungeon, and saw 3 of its levels.

You collected 39 gold pieces.

Inventory:

Hand Weapons
 e - a +0 dagger (weapon)
Armour
 d - a +0 robe (worn)
 l - a cursed +0 cloak (worn)
Jewellery
 m - a ring of wizardry (left hand)
Wands
 c - a wand of random effects (15)
Books
 a - a book of Maledictions

   Spells                             Type                      Level
   a - Corona                         Hexes                        1
   b - Ensorcelled Hibernation        Hexes/Ice                    2
   c - Confuse                        Hexes                        3
   d - Tukima's Dance                 Hexes                        3
   e - Dazzling Spray                 Conjuration/Hexes            3
 b - the Compendium of Ignition

   Spells                             Type                      Level
   a - Flame Tongue                   Conjuration/Fire             1
   b - Inner Flame                    Hexes/Fire                   3
Comestibles
 f - a bread ration


   Skills:
 - Level 1.0 Throwing
 + Level 1.8 Dodging
 - Level 1.0 Spellcasting
   Level 4.0 Hexes
   Level 1.1 Charms
   Level 1.5 Earth Magic
 - Level 1.0 Evocations


You had one spell level left.
You knew the following spells:

 Your Spells              Type           Power        Failure   Level  Hunger
a - Flame Tongue          Conj/Fire      #....        12%         1    ##.....


Dungeon Overview and Level Annotations

Branches:
Dungeon (3/15)

Altars:

Annotations:
D:3 Sigmund


Message History

You bump into the rock wall.
Sigmund misses you.
You bump into the rock wall.
You bump into the rock wall.
Sigmund barely misses you.
You feel less invigorated.
Sigmund hits you from afar with a scythe.
Sigmund barely misses you.
You bump into the rock wall.
Sigmund hits you with a scythe.
You feel less confused.
Unknown command.
Read which item? (? for menu, Esc to quit)
As you read the scroll labeled XOCHEI VAJORUM, it crumbles to dust.
The scroll dissolves into smoke.
It was a scroll of fog.
Sigmund misses you.
Read which item? (? for menu, Esc to quit)
As you read the scroll labeled CUCOGOK TIMY, it crumbles to dust.
It is a scroll of identify.
You don't have any unidentified items.
Sigmund points at you and mumbles some strange words.
The magic dart hits you!
Ouch! That really hurt!
You die...

###. ##... ...#
#...# #####..# #.
#.(...####..
..#.#.#§§.......
.....§#§########
#...§@@# #...§###
$.......
...##.##.########
.S# #.##..##....####
..###..##.......>.<#
..$....g...........#
..####.##....b.....#
#. ####....####


You could see Sigmund.

Vanquished Creatures
  3 hobgoblins
  A bat (D:1)
  A giant newt (D:1)
5 creatures vanquished.

Notes
Turn   | Place    | Note
--------------------------------------------------------------
     0 | D:1      | 4thArraOfDagon the Merfolk Wanderer began the quest for the Orb.
     0 | D:1      | 4thArraOfDagon set off with: a book of Maledictions, the Compendium of Ignition, a wand of random effects (15), a +0 robe, a +0 dagger, a bread ration
     0 | D:1      | Reached XP level 1. HP: 13/13 MP: 2/2
     0 | D:1      | Identified the Compendium of Ignition
    36 | D:1      | Reached skill level 1 in Dodging
    39 | D:1      | Learned a level 1 spell: Flame Tongue
   128 | D:3      | Noticed Sigmund
   154 | D:3      | Killed from afar by Sigmund

Vault maps used:
D:1:      minmay_arrival_arboretum_small
D:2:      serial_curves, eino_curves_04, eino_curves_03, st_stairs_6
D:3:      first_bread, nemelex_dance_club_becter, uniq_sigmund

Action                   || total
-------------------------++-------
Melee: Dagger            ||    14
 Cast: Flame Tongue      ||     2
  Use: Potion            ||     4
       Scroll            ||     2
